 Dungeon Crawl Stone Soup version 0.25-a0-930-g9f5dfa9815 (webtiles) character file.

Game seed: 11519360500457263007, levelgen mode: classic

11571 Amnesiac the Gelid (level 11, 0/60 HPs)
             Began as a Deep Elf Ice Elementalist on May 3, 2020.
             Was an Elder of Vehumet.
             Shot with an arrow by Nessos (4 damage)
             ... on level 2 of the Orcish Mines.
             The game lasted 00:47:29 (12176 turns).

Amnesiac the Gelid (Deep Elf Ice Elementalist)     Turns: 12176, Time: 00:47:29

Health: 0/60       AC: 10    Str:  5    XL:     11   Next: 51%
Magic:  23/30      EV: 13    Int: 24    God:    Vehumet [****..]
Gold:   771        SH:  0    Dex: 15    Spells: 6/36 levels left

rFire    + . .     SeeInvis +   a - +0 hunting sling of Shame {freeze, rC+ SInv Stlth+}
rCold    + + .     Gourm    .   (no shield)
rNeg     . . .     Faith    .   C - +2 robe {rC+}
rPois    .         Spirit   .   (no helmet)
rElec    .         Reflect  .   y - +0 cloak
rCorr    .         Harm     .   G - +2 pair of gloves
MR       +....                  q - +1 pair of boots
Stlth    +++.......             (no amulet)
HPRegen  0.20/turn              B - ring of protection from fire
MPRegen  0.22/turn              (no ring)

@: frozen ramparts, very slightly contaminated, lightly drained, invisible
A: no striking features
a: Renounce Religion


You were on level 2 of the Orcish Mines.
You worshipped Vehumet.
Vehumet was greatly pleased with you.
You were near starving.

You visited 3 branches of the dungeon, and saw 14 of its levels.

You collected 771 gold pieces.

Inventory:

Hand Weapons
 a - the +0 hunting sling of Shame (weapon) {freeze, rC+ SInv Stlth+}
   (You found it on level 4 of the Dungeon)

   It causes projectiles fired from it to freeze those they strike, causing
   extra injury to most foes and up to half again as much damage against
   particularly susceptible opponents.
   They can also slow down cold-blooded creatures.
   It protects you from cold.
   It lets you see invisible.
   It makes you more stealthy.
 b - a +6 dagger of venom
Missiles
 k - 8 curare-tipped darts
 l - 209 stones (quivered)
 r - 54 sling bullets
Armour
 j - a +2 leather armour of fire resistance
 q - a +1 pair of boots (worn)
 y - a +0 cloak (worn)
 C - a +2 robe of cold resistance (worn)
 G - a +2 pair of gloves (worn)
Magical Staves
 w - an uncursed staff of wizardry {!a}
Jewellery
 B - a ring of protection from fire (left hand)
Wands
 f - a wand of digging (6)
 h - a wand of polymorph (4)
 i - a wand of paralysis (9)
 n - a wand of flame (26)
 x - a wand of acid (11)
Scrolls
 e - 4 scrolls of identify {!r}
 g - a scroll of enchant weapon {!r}
 m - 6 scrolls of teleportation {!r}
 o - a scroll of fear {!r}
 z - a scroll of enchant armour {!r}
Potions
 d - 3 potions of curing {!q}
 s - 2 potions of might {!q}
 u - a potion of brilliance {!q}
 A - a potion of mutation {!q}
Comestibles
 c - 22 rations


   Skills:
 - Level 3.0(2.7) Fighting
 - Level 3.0(2.7) Dodging
 - Level 3.0(2.7) Stealth
 + Level 13.2(12.9) Spellcasting
 * Level 15.4(15.1) Ice Magic
 - Level 3.0(2.7) Evocations


You had 6 spell levels left.
You knew the following spells:

 Your Spells              Type           Power        Failure   Level  Hunger
a - Freeze                Ice            ####         0%          1    None
b - Frozen Ramparts       Ice            ######       0%          3    None
c - Summon Ice Beast      Ice/Summ       ######..     1%          4    None
d - Hailstorm             Conj/Ice       ######..     1%          4    None
e - Ice Form              Ice/Tmut       ######..     1%          4    None
f - Mephitic Cloud        Conj/Pois/Air  ###.....     3%          3    None
g - Ignite Poison         Fire/Tmut/Pois ###.....     3%          3    None
h - Fireball              Conj/Fire      ###.......   28%         5    ###....
z - Ozocubu's Armour      Chrm/Ice       ######..     1%          3    None

Your spell library contained the following spells:

 Spells                   Type           Power        Failure   Level  Hunger
 Beastly Appendage        Tmut           ###...       4%          1    None
 Sticks to Snakes         Tmut           ###.....     6%          2    None
 Spider Form              Tmut/Pois      ###.......   12%         3    None
 Blade Hands              Tmut           ###.......   73%         5    ###....


Dungeon Overview and Level Annotations

Branches:
Dungeon (11/15)            Temple (1/1) D:5            Lair (0/6) D:10
    Orc (2/2) D:11            Elf (0/3) Orc:2

Altars:
Ashenzari
Cheibriados
Dithmenos
Elyvilon
Fedhas
Hepliaklqana
Kikubaaqudgha
Makhleb
Nemelex Xobeh
Okawaru
Qazlal
Ru
Sif Muna
Trog
Uskayaw
Vehumet
Xom
Yredelemnul
Zin
The Shining One
Beogh

Shops:
D:5 :   D:7 (**   Orc:2 *

Annotations:
D:5 2 transporters
Orc:2 Nessos


Message History

You shoot a stone.
The stone hits the orc priest but does no damage.
The wall freezes the orc priest. x2
Firing (i - inventory. (/) - cycle)
l - 208 stones (quivered)
Press: ? - help, Shift-Dir - straight line, f/p - orc priest
Aim: an orc priest, wielding a +0 flail (heavily wounded)
You shoot a stone. The stone hits the orc priest.
The stone freezes the orc priest.
The orc priest is heavily wounded.
The wall freezes the orc priest!
You kill the orc priest!
Vehumet accepts your kill.
l - 208 stones (gained 1)
You see here a +0 flail.
There isn't anything to butcher here.
Okay, then.
l - 209 stones (gained 1)
An orc knight comes into view. It is wielding a +0 bardiche.
The frozen ramparts melt away.
An orc comes into view. It is wielding a +0 club.
The orc knight roars a battlecry!
The orcs go into a battle-frenzy!
The orc shouts!
Really read
m - 7 scrolls of teleportation {!r}?
As you read the scroll of teleportation {!r}, it crumbles to dust.
You feel strangely unstable.
The orc shouts!
You hear a shout!
Your surroundings suddenly seem different.
Nessos the Markscentaur comes into view.
They are carrying a wand of digging (4).
Nessos shouts!
An orc warrior comes into view. It is wielding a +0 scimitar.
The orc warrior shouts!
An orc comes into view.
It is wielding a -2 falchion and wearing a +1 ring mail of fire resistance.
The orc shouts!
An orc wizard comes into view. It is wielding a +0 dagger.
The orc wizard shouts!
An orc comes into view. It is wielding a +0 short sword.
The orc shouts!
Nessos casts a spell.
Nessos seems to speed up.
You hear a shout!
Found a stone staircase leading up.
Really quaff
p - a potion of invisibility {!q}?
You fade into invisibility!
Nessos hits you!
* * * LOW HITPOINT WARNING * * *
You are very lightly contaminated with residual magic.
Really quaff
D - a potion of heal wounds {!q}?
You feel much better. Nessos hits you!
* * * LOW HITPOINT WARNING * * *
Nessos hits you.
* * * LOW HITPOINT WARNING * * *
An orc comes into view.
Casting: Frozen Ramparts (safe; 0% risk of failure)
Confirm with . or Enter, or press ? or * to list all spells.
The walls around you are covered in ice.
The wall freezes Nessos.
Nessos wields a +3 longbow of flaming.
It bursts into flame!
Nessos shoots an arrow.
The wall freezes the orc warrior.
The wall freezes the orc wizard.
The orc wizard closely misses you.
The wall freezes Nessos but do no damage.
Nessos shoots an arrow.
The arrow hits you!
* * * LOW HITPOINT WARNING * * *
The arrow burns you.
You die...

... ...###
......####
#........##
##........##
#....o.....##
..o..oo....(###
##.o.c....#
#.@........
##.#.......
##.......#
......##
..<..## ....##
...## ..##


You could see Nessos, an orc warrior, an orc wizard and 2 orcs.

Vanquished Creatures
  A two-headed ogre (D:8)
  An orc high priest (Orc:2)
  Pikel (D:4)
  An orc sorcerer (Orc:2)
  A cyclops (D:10)
  A manticore (D:11)
  A komodo dragon (D:10)
  A merfolk (D:10)
  2 hippogriffs (D:10)
  6 yaks (D:11)
  A wyvern (D:8)
  A basilisk (D:10)
  Grum (D:10)
  Eustachio (D:4)
  2 wargs
  Edmund (D:5)
  An acid dragon (D:10)
  A water moccasin (D:9)
  A nameless horror (D:5)
  5 orc warriors
  2 sky beasts
  5 ice beasts
  3 black bears
  3 phantoms
  3 slaves (D:4)
  2 wolves (D:10)
  2 ogres
  3 centaurs
  3 crocodiles
  A big kobold (D:7)
  Blork the orc (D:5)
  9 bullfrogs
  A wyvern skeleton (D:11)
  5 scorpions
  A wight (D:6)
  6 killer bees (D:9)
  2 jellies
  A howler monkey (D:8)
  A centaur zombie (D:10)
  2 crimson imps (D:8)
  2 bullfrog zombies
  2 hounds
  A bullfrog skeleton (D:10)
  4 orc priests
  Ijyb (D:4)
  4 centaur skeletons
  4 iguanas
  7 orc wizards
  9 worker ants
  A hound skeleton (D:5)
  A howler monkey zombie (D:5)
  A worker ant zombie (D:5)
  A howler monkey skeleton (D:4)
  9 gnolls
  9 adders
  An ooze (D:4)
  3 adder skeletons
  3 worms
  5 dart slugs
  An adder simulacrum (D:10)
  6 leopard geckos
  79 orcs
  5 bats
  4 giant cockroaches
  2 gnoll zombies (D:3)
  9 goblins
  8 hobgoblins
  6 jackals
  7 kobolds
  2 quokkas
  12 frilled lizards
  A jackal skeleton (D:8)
  2 leopard gecko skeletons
  2 leopard gecko zombies
  A quokka skeleton (D:5)
  3 rats
305 creatures vanquished.

Vanquished Creatures (collateral kills)
  A slime creature (D:11)
  A hungry ghost (D:7)
  An ice beast (D:8)
  A hound (D:6)
  Crazy Yiuf (D:5)
5 creatures vanquished.

Grand Total: 310 creatures vanquished

Notes
Turn   | Place    | Note
-------+----------+-------------------------------------------
     0 | D:1      | Amnesiac the Deep Elf Ice Elementalist began the quest for
                  | the Orb.
     0 | D:1      | Reached XP level 1. HP: 10/10 MP: 6/6
   284 | D:1      | Reached XP level 2. HP: 12/15 MP: 6/8
   444 | D:2      | Reached skill level 5 in Ice Magic
   641 | D:2      | Reached XP level 3. HP: 17/19 MP: 8/10
   646 | D:2      | Learned a level 3 spell: Frozen Ramparts
   654 | D:2      | Learned a level 3 spell: Ozocubu's Armour
   819 | D:4      | Noticed Eustachio
   819 | D:4      | Noticed a phantom
   826 | D:4      | Killed Eustachio
   826 | D:4      | Reached skill level 6 in Ice Magic
   826 | D:4      | Reached XP level 4. HP: 19/24 MP: 7/12
   826 | D:4      | Reached XP level 5. HP: 22/28 MP: 8/14
  1102 | D:3      | Found an iron altar of Okawaru.
  1102 | D:3      | Found a stormy altar of Qazlal.
  1131 | D:3      | Learned a level 4 spell: Summon Ice Beast
  1138 | D:4      | Reached skill level 5 in Spellcasting
  1180 | D:5      | Entered Level 5 of the Dungeon
  1185 | D:5      | Noticed a nameless horror
  1199 | D:5      | HP: 1/28 [giant cockroach (1)]
  1355 | D:4      | Found a shadowy altar of Dithmenos.
  1417 | D:4      | Killed a phantom
  1417 | D:4      | Reached skill level 7 in Ice Magic
  1417 | D:4      | Reached XP level 6. HP: 32/32 MP: 14/16
  1473 | D:4      | Found a faded altar of an unknown god.
  1473 | D:4      | Found a faded altar of an unknown god.
  1478 | D:4      | Found a blossoming altar of Fedhas.
  1480 | D:4      | Found a shimmering altar of Xom.
  1481 | D:4      | Found a snail-covered altar of Cheibriados.
  1603 | D:5      | Found Xausyguidd's Book Boutique.
  1603 | D:5      | Noticed Blork the orc
  1607 | D:5      | Found a transporter.
  1612 | D:5      | Noticed Edmund
  1615 | D:5      | Killed Blork the orc
  1625 | D:5      | Killed Edmund
  1625 | D:5      | Reached XP level 7. HP: 36/36 MP: 10/18
  1670 | D:6      | Reached skill level 8 in Ice Magic
  1681 | D:6      | Reached skill level 1 in Evocations
  1708 | D:6      | Reached skill level 1 in Fighting
  1972 | D:6      | Found a hide-covered altar of Uskayaw.
  2010 | D:6      | Learned a level 4 spell: Hailstorm
  2088 | D:5      | Reached XP level 8. HP: 31/43 MP: 17/20
  2134 | D:4      | Noticed Ijyb
  2138 | D:4      | Killed Ijyb
  2308 | D:4      | Noticed Pikel
  2316 | D:4      | Killed Pikel
  2316 | D:4      | Reached skill level 9 in Ice Magic
  2367 | D:4      | Got an ancient hunting sling
  2539 | D:5      | Found a transporter.
  2551 | D:5      | Noticed a slime creature
  2722 | D:5      | Identified the +0 hunting sling of Shame {freeze, rC+ SInv
                  | Stlth+} (You found it on level 4 of the Dungeon)
  2730 | D:5      | Killed a nameless horror
  2867 | D:5      | Reached skill level 10 in Ice Magic
  3090 | D:5      | Reached XP level 9. HP: 47/50 MP: 17/23
  3120 | D:5      | Found a shimmering blue altar of Sif Muna.
  3198 | D:5      | Found a runed translucent door.
  3199 | D:5      | Noticed Crazy Yiuf
  3288 | D:5      | Found an ancient bone altar of Kikubaaqudgha.
  3422 | D:5      | Found a staircase to the Ecumenical Temple.
  3437 | Temple   | Entered the Ecumenical Temple
  3447 | Temple   | Became a worshipper of Vehumet
  3811 | D:3      | Found a hazy altar of Hepliaklqana.
  4118 | D:3      | Found a glowing silver altar of Zin.
  4132 | D:3      | Reached * piety under Vehumet
  4132 | D:3      | Offered knowledge of Foxfire by Vehumet.
  4327 | D:3      | Found a basalt altar of Yredelemnul.
  4949 | D:2      | Found a white marble altar of Elyvilon.
  5289 | D:5      | Killed Crazy Yiuf
  5642 | D:6      | Reached skill level 11 in Ice Magic
  5820 | D:6      | Offered knowledge of Searing Ray by Vehumet.
  6038 | D:7      | Found Hyitife's General Store.
  6207 | D:7      | Learned a level 4 spell: Ice Form
  6241 | D:7      | Found a shattered altar of Ashenzari.
  6459 | D:7      | Found Caleim's Antique Weapon Shoppe.
  6587 | D:7      | Found Ajanatsi's General Store.
  6654 | D:7      | Reached ** piety under Vehumet
  6836 | D:7      | Reached skill level 10 in Spellcasting
  7041 | D:8      | Upgraded the game from 0.25-a0-890-g62861fb195 to
                  | 0.25-a0-930-g9f5dfa9815
  7123 | D:8      | Reached skill level 12 in Ice Magic
  7213 | D:8      | Found a roughly hewn altar of Beogh.
  7216 | D:8      | Noticed a two-headed ogre
  7256 | D:8      | Offered knowledge of Mephitic Cloud by Vehumet.
  7259 | D:8      | Killed a two-headed ogre
  7259 | D:8      | Reached XP level 10. HP: 55/56 MP: 3/26
  7312 | D:8      | Reached *** piety under Vehumet
  7450 | D:8      | Learned a level 3 spell: Mephitic Cloud
  7822 | D:8      | Offered knowledge of Ignite Poison by Vehumet.
  7874 | D:8      | Learned a level 3 spell: Ignite Poison
  8134 | D:8      | Reached skill level 13 in Ice Magic
  9080 | D:10     | Entered Level 10 of the Dungeon
  9281 | D:10     | Noticed Grum
  9285 | D:10     | Killed Grum
  9347 | D:10     | Reached **** piety under Vehumet
  9390 | D:10     | Reached skill level 14 in Ice Magic
  9609 | D:10     | Noticed a cyclops
  9821 | D:10     | Killed a cyclops
  9987 | D:10     | Reached XP level 11. HP: 60/60 MP: 29/29
 10268 | D:10     | Found a staircase to the Lair.
 10837 | D:11     | Offered knowledge of Fireball by Vehumet.
 10904 | D:11     | Found a staircase to the Orcish Mines.
 11004 | D:11     | Learned a level 5 spell: Fireball
 11023 | D:11     | Found a transporter.
 11258 | D:11     | Noticed a glowing orange brain
 11308 | D:11     | Found a transporter.
 11360 | D:11     | Reached skill level 15 in Ice Magic
 11710 | D:11     | Noticed a glowing orange brain
 11895 | Orc:1    | Entered Level 1 of the Orcish Mines
 11988 | Orc:2    | Entered Level 2 of the Orcish Mines
 11989 | Orc:2    | Found Noosaw's General Store.
 12000 | Orc:2    | Noticed an orc high priest
 12017 | Orc:2    | Noticed an orc sorcerer
 12018 | Orc:2    | Killed an orc high priest
 12042 | Orc:2    | Found a staircase to the Elven Halls.
 12089 | Orc:2    | Noticed an orc sorcerer
 12112 | Orc:2    | Killed an orc sorcerer
 12164 | Orc:2    | Noticed an orc knight
 12172 | Orc:2    | Noticed Nessos
 12176 | Orc:2    | Shot with an arrow by Nessos

Levels and vault maps discovered:
D:1:      dpeg_arrival_round_a, layout_basic, chequers_arboretum
D:2:      layout_basic, elyvilon_altar_3, minmay_lizard_pond
D:3:      layout_loops_cross, lemuel_doored_altar,
          gammafunk_temple_overflow_pools, zin_academy,
          lemuel_zombie_altar_yredelemnul
D:4:      layout_loops_cross, nicolae_dithmenos_through_a_glass_darkly,
          chequers_temple_overflow_minitemple, uniq_pikel, uniq_eustachio,
          uniq_ijyb
D:5:      minmay_opposing_rooms, layout_cave_pools,
          gammafunk_temple_overflow_arena, lemuel_crystal_altar,
          minmay_temple_entry_poolview, serial_shops, nicolae_shop_stone,
          first_ration, uniq_crazy_yiuf_cottage, uniq_blork_the_orc, uniq_edmund
D:6:      layout_rooms, grunt_ministairs_11, minmay_ruined_shrine
D:7:      layout_layer_cave, ashenzari_altar_1, serial_shops, shop, shop,
          nicolae_shop_behind_doors
D:8:      layout_gridville, special_room [special_room_orc]
D:9:      layout_irregular_city
D:10:     layout_roguey, erik_lair_dragon, hangedman_fish_farm, minmay_bent,
          uniq_grum
D:11:     gammafunk_jiyva_shrine, layout_cave_pools, hiddenorc1_lemuel
Temple:   jpeg_temple_island
Orc:1:    gammafunk_beogh_shrine, layout_caves
Orc:2:    st_orc_town, layout_diamond_mine, basic_altar, serial_shops,
          nicolae_shop_behind_doors, nicolae_shop_crystal, shop,
          nicolae_volcano_entry_batcave, uniq_nessos

Skill      XL: |  1  2  3  4  5  6  7  8  9 10 11 |
---------------+----------------------------------+-----
Ice Magic      | 5 6 7 8 10 12 14 15 | 15.4
Spellcasting   | 4 5 6 7 8 10 12 13 | 13.2
Dodging        | 3 |  3.0
Stealth        | 3 |  3.0
Evocations     | 2 3 |  3.0
Fighting       | 1 3 |  3.0

Action                   |  1- 3 |  4- 6 |  7- 9 | 10-12 || total
-------------------------+-------+-------+-------+-------++-------
Melee: Dagger            |     8 |    35 |    98 |       ||   141
       Unarmed           |       |       |       |    67 ||    67
 Fire: Hunting sling     |       |       |   229 |   245 ||   474
Throw: Stone             |       |     1 |       |       ||     1
 Cast: Freeze            |    33 |    17 |    47 |    52 ||   149
       Frozen Ramparts   |     2 |     4 |    40 |    36 ||    82
       Ozocubu's Armour  |       |     1 |     2 |     7 ||    10
       Summon Ice Beast  |       |       |     4 |     4 ||     8
       Hailstorm         |       |       |    11 |    27 ||    38
       Mephitic Cloud    |       |       |       |     3 ||     3
       Ice Form          |       |       |       |     5 ||     5
       Ignite Poison     |       |       |       |     2 ||     2
       Fireball          |       |       |       |     4 ||     4
Evoke: Wand              |       |     5 |       |       ||     5
  Use: Scroll            |       |     4 |    10 |     5 ||    19
       Potion            |       |     1 |    11 |     3 ||    15
 Stab: Paralysed         |       |     4 |       |       ||     4
       Sleeping          |       |     3 |     2 |     1 ||     6
       Distracted        |       |       |     1 |       ||     1
  Eat: Chunk             |       |     2 |    16 |    14 ||    32
       Ration            |       |       |     1 |       ||     1
Armor: Robe              |     1 |    20 |       |    11 ||    32
       Leather armour    |       |       |    89 |    62 ||   151
       Skin              |       |       |       |    28 ||    28
Dodge: Dodged            |    14 |    29 |   161 |   127 ||   331

Table legend:
 A = Non-vault XP
 B = Vault XP
 C = Vault XP percentage of total XP
 D = Non-vault monster count
 E = Vault monster count
 F = Vault count percentage of total count
                 A         B        C        D         E       F
            +---------+---------+-------+---------+---------+-------
      Total |   11633 |    4898 |  29.6 |     220 |      86 |  28.1
            +---------+---------+-------+---------+---------+-------
        D:1 |      32 |       0 |   0.0 |      15 |       0 |   0.0
        D:2 |      61 |       5 |   7.6 |      19 |       5 |  20.8
        D:3 |     198 |       3 |   1.5 |      26 |       2 |   7.1
        D:4 |     241 |     920 |  79.2 |      11 |       3 |  21.4
        D:5 |     694 |     539 |  43.7 |      28 |      10 |  26.3
        D:6 |     901 |     495 |  35.5 |      16 |       8 |  33.3
        D:7 |     522 |       0 |   0.0 |      13 |       0 |   0.0
        D:8 |    2156 |     249 |  10.4 |      36 |      26 |  41.9
        D:9 |    1081 |       0 |   0.0 |      15 |       0 |   0.0
       D:10 |    1322 |    2293 |  63.4 |      11 |      14 |  56.0
       D:11 |    2517 |     394 |  13.5 |      22 |      18 |  45.0
      Orc:1 |     173 |       0 |   0.0 |       1 |       0 |   0.0
      Orc:2 |    1735 |       0 |   0.0 |       7 |       0 |   0.0
            +---------+---------+-------+---------+---------+-------
